 Dungeon Crawl Stone Soup version 0.28.0-53-g5a82cb258f (webtiles) character file.

Game seed: 18411514355620913148

6780 raph the Thrower (level 10, -9/98 HPs)
             Began as a Troll Hunter on June 26, 2022.
             Was a Follower of Makhleb.
             Killed from afar by an acid dragon (21 damage)
             ... with a splash of acid
             ... on level 9 of the Dungeon.
             The game lasted 00:18:19 (9332 turns).

raph the Thrower (Troll Hunter)                     Turns: 9332, Time: 00:18:19

Health: -9/98      AC:  6    Str: 22    XL:     10   Next: 76%
Magic:  9/9        EV: 26    Int:  7    God:    Makhleb [*.....]
Gold:   12         SH:  0    Dex: 14    Spells: 9/9 levels left

rFire   . . .      SeeInvis .     - Unarmed
rCold   . . .      Faith    .   (no shield)
rNeg    . . .      Spirit   .   y - +0 swamp dragon scales
rPois   +          Reflect  .   (helmet restricted)
rElec   .          Harm     .   o - +0 cloak
rCorr   .          Rampage  .   (gloves unavailable)
Will    .....                   (boots unavailable)
Stlth   ++........              n - amulet of the acrobat
HPRegen 1.06/turn               k - ring of Shadows {Umbra +Inv Stlth+}
MPRegen 0.11/turn               (no ring)

@: corroded, acrobatic, wreathed by umbra
A: large, unfitting armour, claws 3, regeneration 1, shaggy fur 1, tough skin 1
a: Renounce Religion, Evoke Invisibility


You were on level 9 of the Dungeon.
You worshipped Makhleb.
Makhleb was aware of your devotion.
You visited 2 branches of the dungeon, and saw 10 of its levels.

You collected 526 gold pieces.
You spent 514 gold pieces at shops.

Inventory:

Hand Weapons
 a - a +0 giant spiked club
Missiles
 c - 11 large rocks (quivered)
 d - 2 throwing nets
 h - 19 poisoned darts
 v - 2 javelins
Armour
 b - a +0 robe
 i - +0 acid dragon scales
 o - a +0 cloak (worn)
 y - +0 swamp dragon scales (worn)
Jewellery
 k - the ring of Shadows (left claw) {Umbra +Inv Stlth+}
   (You found it on level 6 of the Dungeon)

   [ring of stealth]

   It surrounds you with an aura of shadow, increasing your stealth and reducing
   the accuracy of all others within it.
   +Inv:      It lets you turn invisible.
   Stlth:     It makes you more stealthy.
 l - a ring of ice
 n - an amulet of the acrobat (around neck)
 q - a ring of fire
Wands
 w - a wand of paralysis (10)
Scrolls
 f - 2 scrolls of amnesia
 g - 3 scrolls of teleportation
 m - 3 scrolls of enchant weapon
 u - 3 scrolls of blinking
 x - a scroll of magic mapping
 E - a scroll of fog
Potions
 e - 2 potions of ambrosia
 j - 4 potions of lignification
 p - 5 potions of curing
 r - a potion of brilliance
 s - a potion of haste
 t - 2 potions of attraction
 z - a potion of flight
 A - a potion of invisibility
 B - a potion of resistance {unknown}
 C - 2 potions of heal wounds {unknown}
 D - a potion of might


   Skills:
 + Level 5.8 Fighting
 * Level 9.6 Throwing
 + Level 5.7 Dodging
 - Level 0.3 Stealth
 * Level 9.6 Unarmed Combat


You had 9 spell levels left.
You didn't know any spells.
Your spell library contained the following spells:

 Spells                   Type           Power      Damage    Failure   Level
 Ensorcelled Hibernation  Hex/Ice        0%         N/A       75%         2
 Ozocubu's Armour         Ice            0%         N/A       92%         3
 Portal Projectile        Hex/Tloc       0%         N/A       92%         3
 Spider Form              Tmut/Pois      0%         N/A       92%         3
 Anguish                  Hex/Necr       0%         N/A       100%        4
 Blade Hands              Tmut           0%         N/A       100%        5
 Excruciating Wounds      Necr           0%         N/A       100%        5
 Metabolic Englaciation   Hex/Ice        0%         N/A       100%        5
 Simulacrum               Ice/Necr       0%         N/A       100%        6
 Ozocubu's Refrigeration  Ice            0%         4d5       100%        7


Dungeon Overview and Level Annotations

Branches:
Dungeon (9/15)             Temple (1/1) D:7
   Lair: D:8-11         Orc: D:9-12

Altars:
Ashenzari
Cheibriados
Dithmenos
Elyvilon
Fedhas
Gozag
Hepliaklqana
Kikubaaqudgha
Makhleb
Nemelex Xobeh
Qazlal
Ru
Sif Muna
Trog
Uskayaw
Vehumet
Wu Jian
Xom
Yredelemnul
Zin
The Shining One

Shops:
D:3 !   D:4 *

Annotations:
D:7 4 runed translucent doors


Innate Abilities, Weirdness & Mutations

You are too large for most types of armour.
You have claws for hands.
Your natural rate of healing is unusually fast.
You are covered in fur. (AC +1)
You have tough skin. (AC +1)


Message History

Press: ? - help, Q - select action, (/) - cycle Shift-Dir - straight line, f - acid dragon
Aim: an acid dragon (umbra, 65% to hit)
You throw a large rock. The large rock hits the acid dragon!!
The acid dragon is severely wounded.
The acid dragon spits acid at you. The splash of acid misses you.
The orc warrior hits you but does no damage.
The orc priest calls down the wrath of Beogh upon you.
Beogh smites you!
The acid dragon bites you but does no damage.
The acid dragon barely misses you.
Throw: 13 large rocks
Press: ? - help, Q - select action, (/) - cycle Shift-Dir - straight line, f/p - acid dragon
Aim: an acid dragon (severely wounded, umbra, 65% to hit)
You throw a large rock. The large rock hits the acid dragon.
The acid dragon is almost dead.
The orc warrior barely misses you. The acid dragon misses you.
The acid dragon claws you but does no damage.
The orc warrior hits you from afar with a +0 halberd!
* * * LOW HITPOINT WARNING * * *
Throw: 12 large rocks
Press: ? - help, Q - select action, (/) - cycle Shift-Dir - straight line, f/p - acid dragon
Aim: an acid dragon (almost dead, umbra, 65% to hit)
You throw a large rock.
The large rock hits the acid dragon but does no damage.
The acid dragon is almost dead.
The acid dragon spits acid at you. The splash of acid hits you.
* * * LOW HITPOINT WARNING * * *
The acid corrodes you!
The orc warrior hits you from afar with a +0 halberd!
* * * LOW HITPOINT WARNING * * *
The acid dragon bites you.
* * * LOW HITPOINT WARNING * * *
The acid dragon claws you.
* * * LOW HITPOINT WARNING * * *
There is an open door here.
The acid dragon spits acid at you. The splash of acid hits you!!
You die...

#####'## #..# .......#
######'##### .......#
#..........# ...<...#
#.....[....# .......#
#(.........# .......#
####....).....#
.......###..'..........#
.......+...##..........#
.......######...@......#
.......# #..........#
###'#### #######D####
###.# ####o# #...#
#oo(.# #'###### #'####
.......# #.......#
.......# #...o...#
†......# +(......#


You could see an acid dragon (catching breath).

Vanquished Creatures
  Pikel (D:7)
  A cyclops (D:7)
  Joseph (D:9)
  Maggie (D:9)
  An unseen horror (D:7)
  2 trolls (D:9)
  A hornet (D:9)
  Prince Ribbit (D:9)
  Sigmund (D:4)
  A wyvern (D:9)
  3 yaks (D:9)
  A wraith (D:4)
  A basilisk (D:8)
  2 acid dragons (D:8)
  4 sky beasts
  4 black bears
  A hornet zombie (D:9)
  An ice beast (D:7)
  2 ogres
  2 centaurs (D:7)
  3 lemures (D:7)
  3 phantoms
  2 bullfrogs (D:7)
  A gnoll sergeant (D:8)
  6 scorpions
  A wyvern zombie (D:7)
  3 killer bees (D:8)
  2 centaur zombies
  3 hounds
  4 orc priests
  2 centaur skeletons (D:7)
  2 gnoll shamans (D:8)
  2 jellies
  2 iguanas
  3 orc wizards (D:9)
  15 gnolls
  An adder (D:3)
  A shadow imp (D:7)
  A white imp (D:7)
  An ufetubus (D:5)
  3 worms
  6 dart slugs
  25 orcs
  2 endoplasms
  A giant cockroach (D:2)
  12 goblins
  3 hobgoblins
  4 jackals (D:4)
  2 quokkas (D:1)
  8 ball pythons
  5 bats
  6 frilled lizards
  7 kobolds
  5 rats
179 creatures vanquished.

Vanquished Creatures (others)
  An orc wizard (D:9)
1 creature vanquished.

Grand Total: 180 creatures vanquished

Notes
Turn   | Place    | Note
-------+----------+-------------------------------------------
     0 | D:1      | raph the Troll Hunter began the quest for the Orb.
     0 | D:1      | Reached XP level 1. HP: 19/19 MP: 0/0
   106 | D:1      | You fall into a shaft and drop 1 floor!
   260 | D:1      | Reached XP level 2. HP: 28/28 MP: 1/1
   405 | D:1      | Reached skill level 1 in Unarmed Combat
  1223 | D:2      | Reached XP level 3. HP: 35/35 MP: 2/2
  1224 | D:2      | Found a faded altar of an unknown god.
  1564 | D:3      | Found a white marble altar of Elyvilon.
  1668 | D:3      | Found Ilue's Distillery.
  1673 | D:3      | Bought a potion of might for 44 gold pieces
  1673 | D:3      | Bought a potion of berserk rage for 55 gold pieces
  1805 | D:3      | Bought a potion of degeneration for 11 gold pieces
  1827 | D:3      | Reached XP level 4. HP: 31/42 MP: 3/3
  1842 | D:3      | Found a shimmering altar of Xom.
  2421 | D:4      | Noticed a phantom
  2435 | D:3      | Killed a phantom
  2436 | D:3      | Reached XP level 5. HP: 47/49 MP: 4/4
  2716 | D:4      | Noticed Sigmund
  2723 | D:4      | Killed Sigmund
  2724 | D:4      | Reached skill level 5 in Throwing
  2724 | D:4      | Reached XP level 6. HP: 51/59 MP: 5/5
  3076 | D:4      | Found Sokhloi's Assorted Antiques.
  3470 | D:5      | Entered Level 5 of the Dungeon
  3470 | D:5      | Noticed a wraith
  3471 | D:5      | Noticed a sky beast
  3482 | D:4      | Reached XP level 7. HP: 53/67 MP: 6/6
  3715 | D:4      | Killed a wraith
  3775 | D:4      | Reached skill level 5 in Unarmed Combat
  3792 | D:5      | Reached XP level 8. HP: 71/75 MP: 7/7
  4204 | D:5      | Identified the +0 mace of Taep {protect, rC- Dex+6}
  4615 | D:6      | Found the ring of Shadows {Umbra +Inv Stlth+}
  4868 | D:6      | Found a blossoming altar of Fedhas.
  4933 | D:6      | Found a shadowy altar of Dithmenos.
  5447 | D:7      | Reached XP level 9. HP: 79/84 MP: 8/8
  5890 | D:7      | Found a stormy altar of Qazlal.
  6214 | D:7      | Noticed Pikel
  6225 | D:7      | Paralysed by Pikel for 4 turns
  6342 | D:7      | Found a large runed translucent door.
  6342 | D:7      | Found a large runed translucent door.
  6345 | D:7      | Noticed a gargoyle
  6355 | D:7      | Found a large runed translucent door.
  6355 | D:7      | Found a large runed translucent door.
  6452 | D:7      | Killed Pikel
  6908 | D:7      | Killed an unseen horror
  6909 | D:7      | Reached skill level 5 in Fighting
  6967 | D:7      | Reached skill level 5 in Dodging
  7001 | D:7      | Found a staircase to the Ecumenical Temple.
  7011 | Temple   | Entered the Ecumenical Temple
  7022 | Temple   | Became a worshipper of Makhleb the Destroyer
  7129 | D:7      | Identified the +4 hand axe "Widowmaker" {vorpal, Int+2}
  7142 | D:7      | Noticed a cyclops
  7152 | D:7      | Killed a cyclops
  7153 | D:7      | Reached XP level 10. HP: 75/96 MP: 9/9
  8428 | D:3      | Bought a potion of berserk rage for 55 gold pieces
  8428 | D:3      | Bought a potion of flight for 33 gold pieces
  8461 | D:4      | Bought a coppery potion for 22 gold pieces
  8462 | D:4      | Bought a potion of haste for 250 gold pieces
  8462 | D:4      | Bought a metallic cyan potion for 22 gold pieces
  8462 | D:4      | Bought a ruby potion for 22 gold pieces
  8677 | D:9      | Noticed Maggie
  8682 | D:9      | Killed Maggie
  8997 | D:9      | Found an ornate altar of the Wu Jian Council.
  9046 | D:9      | Reached * piety under Makhleb
  9073 | D:9      | Noticed Joseph
  9074 | D:9      | Noticed Prince Ribbit
  9092 | D:9      | Killed Prince Ribbit
  9095 | D:9      | Killed Joseph
  9332 | D:9      | Killed from afar by an acid dragon

Illustrated notes

Levels and vault maps discovered:
D:1:      lightli_arrival_quake, layout_basic
D:2:      minmay_alternating_diamond, layout_basic,
          dreamdust_ecumenical_altar_grove, lightli_corner_chamber
D:3:      layout_loops_ring, mainiacjoe_overflow_cross_hatched,
          lemuel_tele_altar, serial_shops, nicolae_shop_hallway_stairs
D:4:      layout_rooms, serial_curves, eino_curves_02, eino_curves_01,
          serial_shops, shop, bh_walls_and_bars, uniq_sigmund
D:5:      layout_loops_ring, st_stairs_9
D:6:      layout_loops_cross, nicolae_dithmenos_the_darkroom,
          nicolae_overflow_crystal_walls, minmay_ogre_servants
D:7:      layout_loops_cross, nicolae_qazlal_eye_of_the_storm,
          minmay_temple_entry_nine_rooms, minmay_hollow_rounded_squares,
          uniq_pikel
D:8:      layout_basic
D:9:      layout_roguey, mainiacjoe_overflow_six_doors_small, uniq_maggie,
          uniq_joseph, uniq_prince_ribbit1
Temple:   nicolae_temple_no_exploring_needed

Skill      XL: |  1  2  3  4  5  6  7  8  9 10 |
---------------+-------------------------------+-----
Unarmed Combat | 1 2 3 4 5 6 8 9 |  9.6
Throwing       | 4 5 6 7 8 9 |  9.6
Fighting       | 2 3 4 5 |  5.8
Dodging        | 2 3 4 5 |  5.7
Stealth        | |  0.3

Action                   |  1- 3 |  4- 6 |  7- 9 | 10-12 || total
-------------------------+-------+-------+-------+-------++-------
Melee: Unarmed           |   132 |    90 |   280 |   122 ||   624
       Punch             |     2 |     2 |     9 |     5 ||    18
Throw: Large rock        |       |    11 |    16 |    31 ||    58
  Use: Scroll            |     6 |     2 |     7 |     1 ||    16
       Potion            |       |       |     3 |     1 ||     4
 Stab: Sleeping          |     3 |     1 |       |     4 ||     8
       Distracted        |       |       |     1 |       ||     1
Armor: Robe              |    39 |    17 |    80 |     6 ||   142
       Swamp dragon scal |       |       |       |    13 ||    13
       Acid dragon scale |       |       |       |     8 ||     8
Dodge: Dodged            |    62 |    64 |   182 |   104 ||   412
